AoeStats
← Dickus Giganticus

Arabia

510809122Analyzed
3v3 RM · 11h ago on Oct 2, 2026· 62m 50s· 6 players
Game mode
Random Map
Map size
Normal (6 player)
Population
200
Speed
Normal
Resources
Standard
Victory
Conquest
Starting age
Dark Age
Ending age
Imperial Age
RankedLock teamsTeams togetherTeam positionsShared explorationLock speedFull tech treeHidden civsTurbo modeCheats
Victory
Defeat
🇹🇷 Maya · Türkiye
1222
+13
🇦🇺 Byzantines · Australia
1216
+13
🇭🇰 Poles · Hong Kong SAR China
1163
+16
🇷🇺 Byzantines · Russia
1187
-15
🇷🇺 Wei · Russia
1186
-15
🇷🇺 Poles · Russia
1097
-12
Linguist
9:21 Feudal Age
10:09 Double-Bit Axe
10:59 Loom
12:32 Horse Collar
15:00 Fletching
15:33 Padded Archer Armor
22:22 Castle Age
21:41 Gold Mining
22:30 Crossbowman
23:15 Bodkin Arrow
25:18 Leather Archer Armor
27:21 Scale Barding Armor
29:19 Forging
30:43 Wheelbarrow
31:58 Chain Barding Armor
33:10 Thumb Ring
33:28 Ballistics
33:13 Elite Skirmisher
36:35 Gold Shaft Mining
36:52 Pikeman
38:22 Scale Mail Armor
38:57 Iron Casting
38:48 Bow Saw
38:38 Murder Holes
39:43 Chain Mail Armor
45:48 Imperial Age
44:11 Squires
45:03 Gambesons
46:03 Arson
45:51 Halberdier
45:53 Arbalester
46:57 Conscription
47:22 Ring Archer Armor
47:26 Bracer
48:41 Plate Mail Armor
48:53 Plate Barding Armor
50:15 Hand Cart
51:16 Elite Varangian Guard
53:59 Two-Man Saw
54:03 Chemistry
56:07 Sanctity
56:35 Stone Mining
alek66
0:28 Loom
11:56 Feudal Age
12:21 Horse Collar
12:28 Double-Bit Axe
22:50 Castle Age
20:45 Fletching
22:01 Scale Mail Armor
22:24 Gold Mining
22:44 Padded Archer Armor
22:52 Scale Barding Armor
23:26 Stone Mining
24:01 Bow Saw
24:15 Heavy Plow
25:23 Wheelbarrow
26:46 Chain Barding Armor
26:44 Husbandry
26:54 Bloodlines
26:36 Town Watch
27:44 Hand Cart
28:08 Forging
27:28 Light Cavalry
29:55 Szlachta Privileges
29:57 Padded Archer Armor
33:40 Iron Casting
35:55 Leather Archer Armor
35:35 Bodkin Arrow
36:54 Chain Mail Armor
36:47 Squires
36:08 Pikeman
41:03 Imperial Age
40:35 Arson
41:12 Cavalier
44:11 Blast Furnace
44:07 Conscription
44:50 Plate Mail Armor
RusEKB66
3:28 Loom
10:16 Feudal Age
15:25 Double-Bit Axe
15:56 Horse Collar
18:27 Gold Mining
23:51 Castle Age
21:52 Stone Mining
22:51 Scale Mail Armor
24:01 Forging
25:13 Wheelbarrow
25:14 Bow Saw
25:44 Pikeman
27:08 Arson
28:05 Iron Casting
28:56 Heavy Plow
32:57 Chain Mail Armor
35:58 Gold Shaft Mining
41:06 Murder Holes
Milkus Dilkus
0:26 Loom
11:12 Feudal Age
22:01 Castle Age
20:43 Double-Bit Axe
21:27 Horse Collar
22:07 Gold Mining
23:36 Crossbowman
25:21 Fletching
28:03 Bow Saw
28:33 Padded Archer Armor
31:11 Bodkin Arrow
31:34 Heavy Plow
35:14 Thumb Ring
43:19 Wheelbarrow
43:05 Stone Mining
44:56 Stone Shaft Mining
44:59 Fervor
45:57 Hand Cart
48:33 Hul'che Javelineers
48:34 Elite Skirmisher
60:58 Imperial Age
61:43 Leather Archer Armor
62:58 Conscription
62:59 Bracer
63:21 Ballistics
Arfah
6:33 Loom
10:08 Feudal Age
12:17 Forging
18:52 Double-Bit Axe
19:36 Horse Collar
23:31 Castle Age
21:55 Gold Mining
23:44 Wheelbarrow
24:22 Husbandry
24:30 Scale Barding Armor
25:31 Chain Barding Armor
26:54 Iron Casting
27:01 Heavy Plow
26:55 Stone Mining
31:57 Bow Saw
34:11 Gold Shaft Mining
47:12 Imperial Age
45:00 Hand Cart
47:52 Elite Cataphract
50:03 Plate Barding Armor
50:30 Conscription
51:59 Logistica
54:41 Hoardings
59:14 Spies/Treason
Dickus Giganticus
8:16 Loom
10:28 Feudal Age
13:20 Double-Bit Axe
15:57 Wheelbarrow
15:59 Horse Collar
18:55 Castle Age
21:07 Bow Saw
21:48 Heavy Plow
22:41 Hand Cart
23:23 Stone Mining
23:23 Gold Mining
27:53 Stone Shaft Mining
29:04 Fortified Wall
30:39 Szlachta Privileges
30:55 Husbandry
31:06 Bloodlines
31:12 Forging
31:07 Scale Barding Armor
34:46 Imperial Age
32:58 Iron Casting
34:09 Chain Barding Armor
35:05 Town Watch
34:47 Cavalier
36:29 Blast Furnace
35:54 Conscription
36:16 Crop Rotation
36:44 Lechitic Legacy
44:21 Light Cavalry
46:29 Masonry
50:33 Elite Obuch
59:32 Spies/Treason
Connection lost

Rejoining the realm…

Still unreachable

The connection could not be restored.

Session expired

The server has moved on; the page needs a fresh start.